 Dungeon Crawl Stone Soup version 0.28-a0-175-gb2089b6bb7 (webtiles) character file.

Game seed: 16563526453319849191

104 alexxx the Slasher (level 4, -2/36 HPs)
             Began as a Draconian Monk on Aug 17, 2021.
             Was a Believer of Hepliaklqana.
             Slain by an orc (7 damage)
             ... on level 3 of the Dungeon.
             The game lasted 00:32:30 (1756 turns).

alexxx the Slasher (Draconian Monk)                 Turns: 1756, Time: 00:32:31

Health: -2/36      AC:  6    Str: 13    XL:     4   Next: 52%
Magic:  4/4        EV: 13    Int: 12    God:    Hepliaklqana [**....]
Gold:   127        SH:  0    Dex: 13    Spells: 3/3 levels left

rFire   . . .      SeeInvis .   a - +0 falchion
rCold   . . .      Faith    .   (no shield)
rNeg    + . .      Spirit   .   (armour unavailable)
rPois   .          Reflect  .   (helmet restricted)
rElec   .          Harm     .   (no cloak)
rCorr   .          Rampage  .   j - +0 pair of gloves
Will    .....                   (no boots)
Stlth   ++........              (no amulet)
HPRegen 0.12/turn               e - ring of positive energy
MPRegen 0.09/turn               (no ring)

@: no status effects
A: reduced essence, AC +5, unfitting armour, cold-blooded
a: Renounce Religion, Ancestor Life: Knight, Ancestor Life: Battlemage, Ancestor
Life: Hexer, Recall Ancestor, Ancestor Identity


You were on level 3 of the Dungeon.
You worshipped Hepliaklqana.
Hepliaklqana was pleased with you.
You visited 1 branch of the dungeon, and saw 3 of its levels.

You collected 127 gold pieces.

Inventory:

Hand Weapons
 a - a +0 falchion (weapon)
 f - a +0 club
 m - a +0 short sword
 n - a +0 dagger
 o - a +1 hunting sling of freezing
 p - a +0 whip
Missiles
 h - 14 sling bullets
 i - 45 arrows
Armour
 j - a +0 pair of gloves (worn)
 k - a +0 leather armour
Jewellery
 e - a ring of positive energy (left hand)
 q - a ring of protection from cold
Scrolls
 c - a scroll of enchant armour {unknown}
 l - 2 scrolls of identify {unknown}
 r - a scroll of immolation {unknown}
 t - a scroll of blinking {unknown}
Potions
 b - a potion of heal wounds
 d - a potion of invisibility {unknown}
 g - a potion of cancellation {unknown}
 s - a potion of berserk rage {unknown}


   Skills:
 + Level 3.9 Fighting
 + Level 4.2 Long Blades
 + Level 3.3 Dodging
 + Level 2.1 Stealth


You had 3 spell levels left.
You didn't know any spells.
Your spell library contained the following spells:

 Spells                   Type           Power      Damage    Failure   Level
 Iskenderun's Battlesphe  Conj           0%         2d6       100%        5
 Iron Shot                Conj/Erth      0%         9d1       100%        6
 Spellforged Servitor     Conj/Summ      0%         N/A       100%        7


Dungeon Overview and Level Annotations

Branches:
Dungeon (3/15)

Altars:
Hepliaklqana

Shops:
D:1 :


Innate Abilities, Weirdness & Mutations

Your life essence is reduced to manifest your ancestor. (-10% HP)
Your plain brown scales are hard. (AC +5)
You cannot fit into any form of body armour.
You are cold-blooded and may be slowed by cold attacks.


Message History

You hit the orc.
You kill the orc!
The orc hits you from afar with a +0 trident.
Synnove hits the orc but does no damage.
You closely miss the orc. The orc completely misses you.
The orc hits you but does no damage.
Synnove hits the orc but does no damage.
You hit the orc.
The orc is moderately wounded.
The orc hits you from afar with a +0 trident!
* * * LOW HITPOINT WARNING * * *
The orc misses you.
Synnove misses the orc.
The orc hits Synnove with a +0 trident.
Synnove hits the orc.
The orc barely misses Synnove.
Synnove closely misses the orc.
The orc hits Synnove with a +0 trident.
Synnove closely misses the orc.
Things that are here:
a rat corpse; a ball python corpse You see here a scroll labelled VOPLEBEMIMM.
You hit the orc.
The orc is almost dead.
The orc closely misses you.
You hit the orc but do no damage.
The orc is almost dead.
The orc hits you but does no damage.
You hit the orc.
You kill the orc!
t - a scroll labelled VOPLEBEMIMM The orc misses you.
The orc closely misses you. The orc hits you but does no damage.
Synnove closely misses the orc.
The orc closely misses you.
Synnove barely misses the orc.
The orc hits you but does no damage.
Synnove closely misses the orc.
The orc hits you from afar with a +0 trident.
* * * LOW HITPOINT WARNING * * *
Synnove hits the orc but does no damage.
The orc closely misses you.
Synnove barely misses the orc.
The orc hits you from afar with a +0 trident!
You die...

#.# #.##.###.# #.#
#†##.....# #.#
#.####.### #####.# #.#
#)....>..
......###.####..#####.
.......).........#
.#.######o######.#
.#.# #R# #.# ...# #.#
#@# .### #.# #R# ##
#.######o####.#
#.o.R.........#
##.############ #.#
#.# #.# #.#


You could see the friendly Synnove the ancestor and an orc (ally target).

Vanquished Creatures
  A gnoll (D:1)
  A worm (D:2)
  9 orcs
  4 ball pythons
  7 endoplasms
  A giant cockroach (D:2)
  4 goblins
  3 hobgoblins
  3 jackals (D:3)
  3 quokkas
  5 bats
  2 frilled lizards
  3 kobolds
  3 rats
49 creatures vanquished.

Vanquished Creatures (collateral kills)
  2 adders (D:3)
  2 ball pythons (D:3)
  2 goblins
  A jackal (D:3)
  A quokka (D:2)
  A rat (D:3)
9 creatures vanquished.

Vanquished Creatures (others)
  An ancestor (D:3)
  A fungus (D:1)
  3 plants (D:1)
5 creatures vanquished.

Grand Total: 63 creatures vanquished

Notes
Turn   | Place    | Note
-------+----------+-------------------------------------------
     0 | D:1      | alexxx the Draconian Monk began the quest for the Orb.
     0 | D:1      | Reached XP level 1. HP: 19/19 MP: 1/1
    87 | D:1      | Found Zenaidwere's Book Shop.
   130 | D:1      | Reached XP level 2. HP: 26/26 MP: 2/2
   174 | D:1      | Found a faded altar of an unknown god.
   425 | D:1      | Reached XP level 3. HP: 33/33 MP: 3/3
   842 | D:2      | Found a hazy altar of Hepliaklqana.
   848 | D:2      | Became a worshipper of Hepliaklqana the Forgotten
   848 | D:2      | Reached * piety under Hepliaklqana
   848 | D:2      | Reached ** piety under Hepliaklqana
  1532 | D:3      | Reached skill level 4 in Long Blades
  1532 | D:3      | Reached XP level 4. HP: 35/36 MP: 4/4
  1756 | D:3      | Slain by an orc

Illustrated notes

Levels and vault maps discovered:
D:1:      minmay_arrival_four_circles, layout_rooms,
          shapermc_ecumenical_altar_mp_ritualfount, serial_shops, shop
D:2:      layout_loops_cross, basic_altar, dk_noncrumbling_3,
          minmay_misc_feat_rugged
D:3:      layout_loops_ring

Skill      XL: |  1  2  3 |
---------------+----------+-----
Dodging        | 3 |  3.3
Stealth        | 2 |  2.1
Long Blades    | 4 |  4.2
Fighting       | |  3.9

Action                   |  1- 3 |  4- 6 || total
-------------------------+-------+-------++-------
Melee: Falchion          |   113 |    29 ||   142
       Tailslap          |    19 |     1 ||    20
  Use: Potion            |     1 |       ||     1
 Stab: Sleeping          |     1 |       ||     1
Armor: Skin              |    30 |    18 ||    48
Dodge: Dodged            |    69 |    40 ||   109
       Rpst.: Falchion   |    22 |     8 ||    30

Table legend: (Time is in decaauts)
 A = Elapsed time spent in this place.
 B = Non-inter-level travel time spent in this place.
 C = Inter-level travel time spent in this place.
 D = Time resting spent in this place.
 E = Time spent auto-exploring this place.
 F = Levels seen in this place.
 G = Mean time per level.
                   A        B        C        D        E       F      G
               +--------+--------+--------+--------+--------+-----+--------+
         Total |   1777 |   1394 |    383 |    166 |      0 |   3 |  592.3 |
       Dungeon |   1777 |   1394 |    383 |    166 |      0 |   3 |  592.3 |
               +--------+--------+--------+--------+--------+-----+--------+

Top non-repeatable levels by time:
     D:2: 901 daAuts
     D:1: 507 daAuts
     D:3: 368 daAuts
